 Dungeon Crawl Stone Soup version 0.30.1-3-gfc49f6343a (webtiles) character file.

Game seed: 6190431290646452675

11 Draugr the Magician (level 2, -1/22 HPs)
             Began as a Djinni Fire Elementalist on Aug 1, 2023.
             Slain by a jackal (2 damage)
             ... on level 1 of the Dungeon.
             The game lasted 00:02:39 (231 turns).

Draugr the Magician (Djinni Fire Elementalist)       Turns: 231, Time: 00:02:39

Health: -1/22      AC:  2    Str:  7    XL:     2   Next: 35%
Gold:   12         EV: 12    Int: 16    God:
                   SH:  0    Dex: 13

rFire   + + .        c - +0 dagger
rCold   x . .        (no shield)
rNeg    . . .        a - +0 robe
rPois   ∞            (no helmet)
rElec   .            (no cloak)
rCorr   .            (no gloves)
SInv    .            (boots unavailable)
Will    .....        (no amulet)
Stlth   ++           (no ring)
HPRegen 0.23/turn    (no ring)
MPRegen 0.00/turn

%: infuse magic (-2 HP)
@: flying
A: sickness immunity, fire resistance 2, cold vulnerability 1, float, innate
caster, HP casting, extra vitality 1
a: no special abilities


You were on level 1 of the Dungeon.
You visited 1 branch of the dungeon, and saw 1 of its levels.

You collected 12 gold pieces.

Inventory:

Hand Weapons
 c - a +0 dagger (weapon)
Armour
 a - a +0 robe (worn)


   Skills:
 - Level 1.3 Fighting
 + Level 0.9 Short Blades
 - Level 2.1 Dodging
 - Level 1.5 Stealth
 - Level 2.4 Spellcasting


You knew the following spells:

 Your Spells              Type           Power      Damage    Failure   Level
a - Foxfire               Conj/Fire      36%        2x1d5     8%          1
b - Scorch                Fire           18%        2d5       11%         2
c - Volatile Blastmotes   Fire/Tloc      18%        2d11      22%         3
d - Inner Flame           Hex/Fire       9%         N/A       22%         3
e - Flame Wave            Conj/Fire      9%         2d6       58%         4
Your spell library was empty.

Dungeon Overview and Level Annotations

Branches:
Dungeon (1/15)

Altars:

Shops:
D:1 (


Innate Abilities, Weirdness & Mutations

You are immune to sickness and miasma.
You are immune to poison.
Your flesh is very heat resistant. (rF++)
You are vulnerable to cold. (rC-)
You float through the air rather than walking.
You learn spells naturally, not from books.
Your magical power is your life essence.
You have superior vitality. (+4 MHP)


Message History

You see here a quokka corpse.
The jackal attacks as you move away! The jackal misses you.
The jackal attacks as you move away!
The jackal bites you but does no damage.
The jackal closely misses you.
There is an entrance to Irghanta's Antique Weapon Shoppe here.
The jackal attacks as you move away! The jackal barely misses you.
The jackal attacks as you move away! The jackal bites you.
* * * LOW HITPOINT WARNING * * *
The jackal closely misses you. The jackal misses you.
You see here a +0 club.
You see here a jackal corpse.
Casting: Foxfire (safe; 8% risk of failure)
Confirm with . or Enter, or press ? or * to list all spells.
You conjure some foxfire!
* * * LOW HITPOINT WARNING * * *
Your foxfire dissipates!
The jackal bites you.
* * * LOW HITPOINT WARNING * * *
Casting: Foxfire (safe; 8% risk of failure)
Confirm with . or Enter, or press ? or * to list all spells.
You conjure some foxfire!
* * * LOW HITPOINT WARNING * * *
The foxfire hits the jackal.
The jackal is almost dead.
The jackal bites you but does no damage.
The jackal attacks as you move away!
The jackal bites you but does no damage.
The foxfire hits the jackal.
The jackal is almost dead.
The jackal pauses to sniff the ground.
The jackal attacks as you move away! The jackal bites you.
* * * LOW HITPOINT WARNING * * *
The jackal barely misses you.
Casting: Foxfire (safe; 8% risk of failure)
Confirm with . or Enter, or press ? or * to list all spells.
You conjure some foxfire!
* * * LOW HITPOINT WARNING * * *
The jackal completely misses you. The jackal bites you.
You die...

.. .. #.##. #####... #.#..
.....>.# #.#.### #...#.#
.....# #...#.# ##
#..#.####..8>.###...
#.#####.##h.............#
?.......v@hhJ###.>...#####
...###.###...†)..†.......
#.# ##.###.∩..†.#### #.#
#.........#.# #h#
#..###.8..#.# #.###))#
#....#h# #..##..# ######.#
♣♣♣#).##..# #J#
♣♣♣♣♣♣♣♣........§########§#


You could see an endoplasm and 3 jackals.

Vanquished Creatures
  4 goblins (D:1)
  A hobgoblin (D:1)
  A jackal (D:1)
  A kobold (D:1)
  A quokka (D:1)
  A bat (D:1)
9 creatures vanquished.

Vanquished Creatures (others)
  23 foxfires (D:1)
23 creatures vanquished.

Grand Total: 32 creatures vanquished

Notes
Turn   | Place    | Note
-------+----------+-------------------------------------------
     0 | D:1      | Draugr the Djinni Fire Elementalist began the quest for the
                  | Orb.
     0 | D:1      | Draugr set off with the following spells memorised:
                  | Foxfire, Scorch, Volatile Blastmotes, Inner Flame, Flame
                  | Wave.
     0 | D:1      | Reached XP level 1. HP: 15/15 MP: 0/0
    71 | D:1      | Reached skill level 1 in Fighting
    79 | D:1      | Found Irghanta's Antique Weapon Shoppe.
    96 | D:1      | Reached XP level 2. HP: 20/22 MP: 0/0
   231 | D:1      | Slain by a jackal

Illustrated notes

Levels and vault maps discovered:
D:1:      roderic_dead_forest, layout_rooms,
          hellmonk_ecumenical_altar_inner_sanctum, serial_shops, shop_statue,
          nicolae_grassy_gnolls

Skill      XL: |  1 |
---------------+----+-----
Fighting       | 1 |  1.3
Short Blades   | |  0.9
Dodging        | |  2.1
Stealth        | |  1.5
Spellcasting   | |  2.4

Action                     || total
---------------------------++-------
   Cast: Foxfire           ||    16
    Use: Scroll            ||     2
 Armour: Robe              ||    17
  Dodge: Dodged            ||    22
